3L
SEATTLE ROCKETEERS @ ECHO PARK LAKERS
08/09/2039
 
TOP OF THE 1ST
Seattle Rocketeers batting - Pitching for Echo Park Lakers : RHP Nolan Howard
Pitching: RHP Nolan Howard
Batting: SHB Glyn Bolasky 0-0: Ground out 4-3 (Groundball, 34, EV 103.1 MPH)
Batting: RHB Meester Gobbles-Rooster 0-0: Fly out, F4 (Flyball, 34D, EV 84.4 MPH)
Batting: RHB Jurgen Flurgenburgen 0-0: Ball
1-0: Foul Ball, location: 2F
1-1: Ball
2-1: Ball
3-1: Base on Balls
Batting: RHB Bastiaan Pieterse 0-0: Called Strike
0-1: Ball
1-1: Fly out, F8 (Flyball, 8LM, EV 91.2 MPH)
Top of the 1st over - 0 runs, 0 hits, 0 errors, 1 left on base; Seattle 0 - Echo Park 0
BOTTOM OF THE 1ST
Echo Park Lakers batting - Pitching for Seattle Rocketeers : LHP Marcos Tejedor
Pitching: LHP Marcos Tejedor
Batting: LHB Wu-shun Chu 0-0: Ball
1-0: Ground out 1-3 (Groundball, 13S, EV 71.2 MPH)
Batting: RHB Ryoma Yamamoto 0-0: Foul Ball, location: 2F
0-1: Fly out, F8 (Flyball, 78D, EV 105.0 MPH)
Batting: RHB Kyu-cheol Kye 0-0: Swinging Strike
0-1: Ball
1-1: Ball
2-1: Ground out 6-3 (Groundball, 6, EV 101.2 MPH)
Bottom of the 1st over - 0 runs, 0 hits, 0 errors, 0 left on base; Seattle 0 - Echo Park 0
TOP OF THE 2ND
Seattle Rocketeers batting - Pitching for Echo Park Lakers : RHP Nolan Howard
Batting: RHB Claudio Tappen 0-0: Swinging Strike
0-1: Ball
1-1: Called Strike
1-2: DOUBLE (Line Drive, 8RXD, EV 101.9 MPH)
Batting: RHB Alain Grosjean 0-0: Fly out, F7 (Line Drive, 7D, EV 87.5 MPH)
Runner from 2nd tags up, SAFE at 3rd, no throw by LF
Batting: SHB Charles Geudre 0-0: Called Strike
0-1: Called Strike
0-2: Ball
1-2: Ball
2-2: Fly out, F7 (Line Drive, 7D, EV 92.5 MPH)
Runner from 3rd tags up, SCORES, no throw by LF
Batting: SHB Obke Preesman 0-0: Ball
1-0: Ball
2-0: Ball
3-0: Called Strike
3-1: Fly out, F8 (Flyball, 78M, EV 83.8 MPH)
Top of the 2nd over - 1 run, 1 hit, 0 errors, 0 left on base; Seattle 1 - Echo Park 0
BOTTOM OF THE 2ND
Echo Park Lakers batting - Pitching for Seattle Rocketeers : LHP Marcos Tejedor
Batting: RHB Angeddy Almanzar 0-0: Ball
1-0: Called Strike
1-1: SINGLE (Flyball, 89M, EV 83.1 MPH)
Batting: RHB Gilberto Juárez 0-0: Ball
1-0: Called Strike
1-1: Ball
2-1: Fly out, F8 (Flyball, 89M, EV 74.4 MPH)
Batting: RHB Komotay Koffie 0-0: Called Strike
0-1: Foul Ball, location: 2F
0-2: Ball
1-2: Foul Ball, location: 2F
1-2: Fielders Choice at 2nd, 5-4 (Groundball, 56, EV 99.4 MPH)
Batting: RHB Phil Gillespie 0-0: Called Strike
0-1: Called Strike
0-2: Ball
1-2: Foul Ball, location: 2F
1-2: Strikes out swinging
Bottom of the 2nd over - 0 runs, 1 hit, 0 errors, 1 left on base; Seattle 1 - Echo Park 0
TOP OF THE 3RD
Seattle Rocketeers batting - Pitching for Echo Park Lakers : RHP Nolan Howard
Batting: SHB Lodd Felton 0-0: Ball
1-0: Called Strike
1-1: Foul Ball, location: 2F
1-2: Ball
2-2: Strikes out swinging
Batting: SHB Glyn Bolasky 0-0: Ball
1-0: Ball
2-0: Ball
3-0: Base on Balls
Batting: RHB Meester Gobbles-Rooster 0-0: Swinging Strike
0-1: Ball
1-1: Called Strike
1-2: Ball
2-2: Ball
3-2: Fly out, F7 (Flyball, 7, EV 91.9 MPH)
Batting: RHB Jurgen Flurgenburgen 0-0: Called Strike
0-1: Ball
Glyn Bolasky is caught stealing 2nd base 2-4
Top of the 3rd over - 0 runs, 0 hits, 0 errors, 0 left on base; Seattle 1 - Echo Park 0
BOTTOM OF THE 3RD
Echo Park Lakers batting - Pitching for Seattle Rocketeers : LHP Marcos Tejedor
Batting: RHB Felipe Campos 0-0: Called Strike
0-1: Foul Ball, location: 2F
0-2: Ball
1-2: Foul Ball, location: 2F
1-2: Strikes out swinging, 2-3 out at first.
Batting: LHB Tomás Muinos 0-0: Ball
1-0: Hit by Pitch
Batting: LHB Wu-shun Chu 0-0: Fly out, F8 (Flyball, 89D, EV 106.9 MPH)
Batting: RHB Ryoma Yamamoto 0-0: SINGLE (Groundball, 56D, EV 96.2 MPH)
Tomás Muinos to second
Batting: RHB Kyu-cheol Kye 0-0: Fly out, F9 (Flyball, 9, EV 83.1 MPH)
Bottom of the 3rd over - 0 runs, 1 hit, 0 errors, 2 left on base; Seattle 1 - Echo Park 0
TOP OF THE 4TH
Seattle Rocketeers batting - Pitching for Echo Park Lakers : RHP Nolan Howard
Batting: RHB Jurgen Flurgenburgen 0-0: Ball
1-0: Foul Ball, location: 2F
1-1: Ball
2-1: Fly out, F8 (Flyball, 8RS, EV 94.4 MPH)
Batting: RHB Bastiaan Pieterse 0-0: Ball
1-0: Called Strike
1-1: Called Strike
1-2: Fly out, F8 (Flyball, 8LM, EV 91.2 MPH)
Batting: RHB Claudio Tappen 0-0: Foul Ball, location: 2F
0-1: Swinging Strike
0-2: Ball
1-2: Foul Ball, location: 2F
1-2: Strikes out swinging
Top of the 4th over - 0 runs, 0 hits, 0 errors, 0 left on base; Seattle 1 - Echo Park 0
BOTTOM OF THE 4TH
Echo Park Lakers batting - Pitching for Seattle Rocketeers : LHP Marcos Tejedor
Batting: RHB Angeddy Almanzar 0-0: Swinging Strike
0-1: Ball
1-1: Swinging Strike
1-2: Ball
2-2: Strikes out looking
Batting: RHB Gilberto Juárez 0-0: Foul Ball, location: 2F
0-1: Reached on error, E6 (Groundball, 6, EV 100.0 MPH)
Batting: RHB Komotay Koffie 0-0: Called Strike
0-1: Called Strike
0-2: Foul Ball, location: 2F
0-2: Strikes out swinging
Batting: RHB Phil Gillespie 0-0: Ball
1-0: Foul Ball, location: 2F
1-1: Ball
2-1: Swinging Strike
2-2: Ball
3-2: Ground out 1-3 (Groundball, 13, EV 74.4 MPH)
Bottom of the 4th over - 0 runs, 0 hits, 1 error, 1 left on base; Seattle 1 - Echo Park 0
TOP OF THE 5TH
Seattle Rocketeers batting - Pitching for Echo Park Lakers : RHP Nolan Howard
Batting: RHB Alain Grosjean 0-0: Ball
1-0: Ground out 5-3 (Groundball, 5, EV 78.8 MPH)
Batting: SHB Charles Geudre 0-0: Called Strike
0-1: Ball
1-1: Called Strike
1-2: Strikes out swinging
Batting: SHB Obke Preesman 0-0: Foul Ball, location: 2F
0-1: Swinging Strike
0-2: Ball
1-2: Ball
2-2: Ball
3-2: Strikes out swinging
Top of the 5th over - 0 runs, 0 hits, 0 errors, 0 left on base; Seattle 1 - Echo Park 0
BOTTOM OF THE 5TH
Echo Park Lakers batting - Pitching for Seattle Rocketeers : LHP Marcos Tejedor
Batting: RHB Felipe Campos 0-0: Ball
1-0: Called Strike
1-1: Foul Ball, location: 2F
1-2: Ball
2-2: Strikes out looking
Batting: LHB Tomás Muinos 0-0: Called Strike
0-1: Ball
1-1: Foul Ball, location: 2F
1-2: SOLO HOME RUN (Flyball, 9LD, EV 101.2 MPH), Distance : 352 ft
Batting: LHB Wu-shun Chu 0-0: Called Strike
0-1: Foul Ball, location: 2F
0-2: Strikes out swinging
Batting: RHB Ryoma Yamamoto 0-0: Ball
1-0: Ball
2-0: Ball
3-0: Base on Balls
Batting: RHB Kyu-cheol Kye 0-0: Ball
1-0: Foul Ball, location: 2F
1-1: Hit by Pitch
Ryoma Yamamoto to second
Batting: RHB Angeddy Almanzar 0-0: Foul Ball, location: 2F
0-1: Ball
1-1: Swinging Strike
1-2: Ball
2-2: Foul Ball, location: 2F
2-2: Foul Ball, location: 2F
2-2: 3-RUN HOME RUN (Flyball, 78XD, EV 97.5 MPH), Distance : 375 ft
Batting: RHB Gilberto Juárez 0-0: Ball
1-0: Foul Ball, location: 2F
1-1: Called Strike
1-2: Ball
2-2: SINGLE (Line Drive, 3D, EV 104.4 MPH)
Batting: RHB Komotay Koffie 0-0: Called Strike
0-1: Swinging Strike
0-2: Ball
Wild Pitch!
Gilberto Juárez to second
1-2: Ball
2-2: Foul Ball, location: 2F
2-2: Ground out 4-3 (Groundball, 4S, EV 80.6 MPH)
Bottom of the 5th over - 4 runs, 3 hits, 0 errors, 1 left on base; Seattle 1 - Echo Park 4
TOP OF THE 6TH
Seattle Rocketeers batting - Pitching for Echo Park Lakers : RHP Nolan Howard
Batting: SHB Lodd Felton 0-0: Ball
1-0: Ball
2-0: Called Strike
2-1: Called Strike
2-2: Ground out 4-3 (Groundball, 4S, EV 81.2 MPH)
Batting: SHB Glyn Bolasky 0-0: Swinging Strike
0-1: Foul Ball, location: 2F
0-2: Ball
1-2: Ball
2-2: Ball
3-2: Strikes out swinging
Batting: RHB Meester Gobbles-Rooster 0-0: Called Strike
0-1: Foul Ball, location: 2F
0-2: Ball
1-2: Strikes out swinging
Top of the 6th over - 0 runs, 0 hits, 0 errors, 0 left on base; Seattle 1 - Echo Park 4
BOTTOM OF THE 6TH
Echo Park Lakers batting - Pitching for Seattle Rocketeers : LHP Marcos Tejedor
Batting: RHB Phil Gillespie 0-0: Ball
1-0: Ball
2-0: Ball
3-0: Base on Balls
Batting: RHB Felipe Campos 0-0: Bunted foul
0-1: Bunted foul
0-2: Foul Ball, location: 2F
0-2: Foul Ball, location: 2F
0-2: SINGLE (Line Drive, 56D, EV 95.6 MPH)
Phil Gillespie to second
Pitching: RHP Alexander Goodpasture
Batting: LHB Tomás Muinos 0-0: Ball
1-0: Bunted foul
1-1: Sac Bunt to 13 - play at first, batter OUT! 1-4
Phil Gillespie to third
Felipe Campos to second
Batting: LHB Wu-shun Chu 0-0: Swinging Strike
0-1: Called Strike
0-2: Foul Ball, location: 2F
0-2: Foul Ball, location: 2F
0-2: Strikes out swinging
Batting: RHB Ryoma Yamamoto 0-0: Ground out 4-3 (Groundball, 4D, EV 105.6 MPH)
Bottom of the 6th over - 0 runs, 1 hit, 0 errors, 2 left on base; Seattle 1 - Echo Park 4
TOP OF THE 7TH
Seattle Rocketeers batting - Pitching for Echo Park Lakers : RHP Nolan Howard
Batting: RHB Jurgen Flurgenburgen 0-0: Fly out, F9 (Flyball, 9LM, EV 86.2 MPH)
Batting: RHB Bastiaan Pieterse 0-0: Ball
1-0: Swinging Strike
1-1: Fly out, F8 (Line Drive, 8LM, EV 103.8 MPH)
Batting: RHB Claudio Tappen 0-0: Called Strike
0-1: Ball
1-1: Fly out, F9 (Flyball, 9S, EV 81.9 MPH)
Top of the 7th over - 0 runs, 0 hits, 0 errors, 0 left on base; Seattle 1 - Echo Park 4
BOTTOM OF THE 7TH
Echo Park Lakers batting - Pitching for Seattle Rocketeers : RHP Alexander Goodpasture
Batting: RHB Kyu-cheol Kye 0-0: Called Strike
0-1: SINGLE (Groundball, 6D, EV 100.6 MPH)
Batting: RHB Angeddy Almanzar 0-0: Ball
1-0: Fly out, F6 (Line Drive, 6, EV 71.9 MPH)
Batting: RHB Gilberto Juárez 0-0: Called Strike
0-1: Swinging Strike
0-2: Ball
1-2: Ball
2-2: Ball
3-2: Base on Balls
Kyu-cheol Kye to second
Batting: RHB Komotay Koffie 0-0: Ball
1-0: Called Strike
1-1: Ball
2-1: DOUBLE (Line Drive, 89D, EV 103.1 MPH)
Kyu-cheol Kye scores
Gilberto Juárez to third
Batting: RHB Phil Gillespie 0-0: Called Strike
0-1: Called Strike
0-2: Foul Ball, location: 2F
0-2: Ball
1-2: Foul Ball, location: 2F
1-2: Ball
2-2: Foul Ball, location: 2F
2-2: Strikes out swinging
Batting: RHB Felipe Campos 0-0: Called Strike
0-1: Ball
1-1: SINGLE (Groundball, 56D, EV 102.5 MPH)
Gilberto Juárez scores
Komotay Koffie to third
Runner from 3rd tries for Home, SAFE, throw by LF to home
Felipe Campos to second
Batting: LHB Tomás Muinos 0-0: Ball
1-0: Ground out 1-3 (Groundball, 34S, EV 83.1 MPH)
Bottom of the 7th over - 3 runs, 3 hits, 0 errors, 1 left on base; Seattle 1 - Echo Park 7
TOP OF THE 8TH
Seattle Rocketeers batting - Pitching for Echo Park Lakers : RHP Nolan Howard
Pitching: LHP Luis Díaz
Batting: RHB Alain Grosjean 0-0: Foul Ball, location: 2F
0-1: Ball
1-1: Foul Ball, location: 2F
1-2: SINGLE (Groundball, 34D, EV 109.4 MPH)
Batting: SHB Charles Geudre 0-0: Called Strike
0-1: Swinging Strike
0-2: Ball
1-2: Strikes out swinging
Batting: SHB Obke Preesman 0-0: Foul Ball, location: 2F
0-1: DOUBLE (Line Drive, 89M, EV 94.4 MPH)
Alain Grosjean to third
Runner from 3rd tries for Home, throw by RF and OUT! 9-4-2
Obke Preesman to third
Batting: SHB Lodd Felton 0-0: Ball
1-0: Called Strike
1-1: Ball
2-1: Foul Ball, location: 2F
2-2: Strikes out swinging
Top of the 8th over - 0 runs, 2 hits, 0 errors, 1 left on base; Seattle 1 - Echo Park 7
BOTTOM OF THE 8TH
Echo Park Lakers batting - Pitching for Seattle Rocketeers : RHP Alexander Goodpasture
Batting: LHB Wu-shun Chu 0-0: Called Strike
0-1: Foul Ball, location: 2F
0-2: Ball
1-2: Ball
2-2: Ground out U3 (Groundball, 34, EV 82.5 MPH)
Batting: RHB Ryoma Yamamoto 0-0: Swinging Strike
0-1: Ball
1-1: Foul Ball, location: 2F
1-2: Ball
2-2: Ball
3-2: Base on Balls
Pitching: RHP Dong-hua Hao
Batting: RHB Kyu-cheol Kye 0-0: Foul Ball, location: 2F
0-1: Fly out, F9 (Line Drive, 9, EV 88.8 MPH)
Batting: RHB Angeddy Almanzar 0-0: Ball
1-0: Foul Ball, location: 2F
1-1: Called Strike
1-2: Fly out, F9 (Flyball, 89D, EV 103.1 MPH)
Bottom of the 8th over - 0 runs, 0 hits, 0 errors, 1 left on base; Seattle 1 - Echo Park 7
TOP OF THE 9TH
Seattle Rocketeers batting - Pitching for Echo Park Lakers : LHP Luis Díaz
Batting: SHB Glyn Bolasky 0-0: Ball
1-0: Called Strike
1-1: Fly out, F8 (Line Drive, 8RD, EV 93.8 MPH)
Batting: RHB Meester Gobbles-Rooster 0-0: Fly out, F8 (Flyball, 8RM, EV 93.1 MPH)
Batting: RHB Jurgen Flurgenburgen 0-0: SINGLE (Groundball, 6MD, EV 100.6 MPH)
Batting: RHB Bastiaan Pieterse 0-0: Ball
1-0: Ball
2-0: Ball
3-0: Called Strike
3-1: Base on Balls
Jurgen Flurgenburgen to second
Batting: RHB Claudio Tappen 0-0: Swinging Strike
0-1: Foul Ball, location: 2F
0-2: Strikes out looking
Top of the 9th over - 0 runs, 1 hit, 0 errors, 2 left on base; Seattle 1 - Echo Park 7
Wednesday, July 8th, 2020 - OOTP Baseball 20.8 Build 74